 Dungeon Crawl Stone Soup version 0.20.1-1-g8b1a95d (webtiles) character file.

16 AlyssaTheNerd the Insei (level 2, 0/21 HPs)
             Began as a Merfolk Transmuter on Nov 9, 2017.
             Slain by a leopard gecko (2 damage)
             ... on level 1 of the Dungeon.
             The game lasted 00:02:21 (273 turns).

AlyssaTheNerd the Insei (Merfolk Transmuter)         Turns: 273, Time: 00:02:22

Health: 0/21       AC:  2    Str: 10    XL:     2   Next: 54%
Magic:  5/5        EV: 13    Int: 12    God:
Gold:   28         SH:  0    Dex: 14    Spells: 4/5 levels left

rFire    . . .     SeeInvis .   m - +0 dagger
rCold    . . .     Gourm    .   (no shield)
rNeg     . . .     Faith    .   b - +0 robe
rPois    .         Spirit   .   (no helmet)
rElec    .         Reflect  .   (no cloak)
rCorr    .         Harm     .   (no gloves)
MR       .....                  (no boots)
Stlth    +.........             (no amulet)
Regen    0.1/turn               (no ring)
MPRegen  0.1/turn               (no ring)

@: no status effects
A: change form in water, swift swim, stealthy swim, blink, evolution 1, no
potion heal 1
a: Blink


You were on level 1 of the Dungeon.
You were not hungry.

You visited 1 branch of the dungeon, and saw 1 of its levels.

You collected 28 gold pieces.

Inventory:

Hand Weapons
 f - a +0 whip
 g - a +0 club
 h - a +0 whip
 j - a +0 club
 l - a +0 club
 m - a +0 dagger (weapon)
Missiles
 a - 42 arrows
 e - 29 stones (quivered)
Armour
 b - a +0 robe (worn)
Scrolls
 n - a scroll of remove curse {unknown}
 o - a scroll of amnesia {unknown}
Potions
 k - a potion of mutation
Books
 c - a book of Changes

   Spells                             Type                      Level
   a - Beastly Appendage              Transmutation                1
   b - Sticks to Snakes               Transmutation                2
   c - Spider Form                    Transmutation/Poison         3
   d - Ice Form                       Ice/Transmutation            4
   e - Blade Hands                    Transmutation                5
Comestibles
 d - a bread ration
 i - 4 chunks of flesh


   Skills:
 + Level 1.1 Fighting
 + Level 0.2 Maces & Flails
 + Level 3.1 Dodging
 + Level 3.8 Unarmed Combat
 + Level 2.0 Spellcasting
 + Level 2.6 Transmutations


You had 4 spell levels left.
You knew the following spells:

 Your Spells              Type           Power        Failure   Level  Hunger
a - Beastly Appendage     Tmut           #.....       9%          1    ##.....


Dungeon Overview and Level Annotations

Branches:
Dungeon (1/15)

Altars:


Innate Abilities, Weirdness & Mutations

You revert to your normal form in water.
You are very nimble and swift while swimming.
You are very stealthy in the water. (Stealth+)
You can translocate small distances at will.
You evolve.
Potions are less effective at restoring your health.


Message History

The ooze hits you.
* * * LOW HITPOINT WARNING * * *
The ooze closely misses you.
You completely miss the ooze.
The ooze is severely wounded.
The ooze hits you.
* * * LOW HITPOINT WARNING * * *
You recover from your berserk rage.
The ooze jiggles.
You hit the ooze.
The ooze is almost dead.
The ooze closely misses you.
You hit the ooze but do no damage.
The ooze is almost dead.
You float gracefully downwards.
The ooze closely misses you.
You hit the ooze.
You kill the ooze!
Your Dodging skill increases to level 3!
You barely miss the leopard gecko. The leopard gecko bites you.
You die...

..###.#..#.......#
>.##.##.........#
#.#..###.######.# # #.#.##
#.....##.## .# #######...#
#.....##..## ..
.........#####.....###..#
.### ######.......##....#
##.# ....#
#.#...#..#....####.##.....#
#..###.....@lJ.......)....)#
#.# ######....#####.....(..
#. #....# ###...!.. #.
#....# ...... .. #....#
..... ###### ..... .... #=..


You could see an ooze and a leopard gecko.

Vanquished Creatures
  An ooze (D:1)
  A dart slug (D:1)
  3 goblins (D:1)
  A kobold (D:1)
  2 frilled lizards (D:1)
  2 rats (D:1)
10 creatures vanquished.

Notes
Turn   | Place    | Note
-------+----------+-------------------------------------------
     0 | D:1      | AlyssaTheNerd the Merfolk Transmuter began the quest for the Orb.
     0 | D:1      | Reached XP level 1. HP: 15/15 MP: 3/3
   172 | D:1      | Gained mutation: Potions are less effective at restoring your health. [potion of mutation]
   172 | D:1      | Gained mutation: You evolve. [potion of mutation]
   172 | D:1      | Gained mutation: You can translocate small distances at will. [potion of mutation]
   181 | D:1      | Reached XP level 2. HP: 21/21 MP: 5/5
   273 | D:1      | Slain by a leopard gecko

Skill      XL: |  1  2 |
---------------+-------+-----
Dodging        | 3 |  3.1
Fighting       | |  1.1
Maces & Flails | |  0.2
Unarmed Combat | |  3.8
Spellcasting   | |  2.0
Transmutations | |  2.6

Action                   || total
-------------------------++-------
Melee: Whip              ||    33
       Unarmed           ||     1
       Dagger            ||     6
  Use: Potion            ||     5
Armor: Robe              ||     5
Dodge: Dodged            ||    34
